TOP OF THE 1ST |
Vanderbilt Commodores batting - Pitching for Auburn Tigers : LHP Román Louzao
|
Pitching: LHP Román Louzao
|
|
Batting: RHB Alvin Pérez
|
0-0: Ground out 5-3 (Groundball, 5S)
|
Batting: RHB Johnny Becker
|
0-0: Foul Ball, location: 2F 0-1: Fly out, F8 (Flyball, 8LXD)
|
Batting: RHB Greg Scott
|
0-0: Called Strike 0-1: Called Strike 0-2: Ball 1-2: Strikes out swinging
|
Top of the 1st over - 0 runs, 0 hits, 0 errors, 0 left on base; Vanderbilt 0 - Auburn 0 |
BOTTOM OF THE 1ST |
Auburn Tigers batting - Pitching for Vanderbilt Commodores : LHP Bob Novak
|
Pitching: LHP Bob Novak
|
|
Batting: RHB Lou Perry
|
0-0: Ball 1-0: Called Strike 1-1: Ball 2-1: SINGLE (Groundball, 34D)
|
Batting: LHB Armando Vázquez
|
0-0: Called Strike Lou Perry steals 2nd base 0-1: Ball 1-1: Called Strike 1-2: Ball 2-2: Foul Ball, location: 2F 2-2: Strikes out swinging
|
Batting: RHB Vincente Martínez
|
0-0: Ball Lou Perry steals 3rd base 1-0: Ball 2-0: Swinging Strike 2-1: Ball 3-1: Base on Balls
|
Batting: RHB Mike Brown
|
0-0: Called Strike 0-1: Ball 1-1: Ball 2-1: Ball 3-1: Base on Balls Vincente Martínez to second
|
Batting: LHB José Mendoza
|
0-0: Foul Ball, location: 2F 0-1: Ball 1-1: Ball 2-1: Ball 3-1: Called Strike 3-2: Strikes out swinging
|
Batting: RHB Ed McVinish
|
0-0: Ball 1-0: Ball 2-0: Ball 3-0: Called Strike 3-1: Base on Balls Lou Perry scores Vincente Martínez to third Mike Brown to second
|
Batting: LHB Ed Sorensen
|
0-0: Foul Ball, location: 2F 0-1: Ball 1-1: Ball 2-1: Ball 3-1: DOUBLE (Line Drive, 9LM) Vincente Martínez scores Mike Brown scores Ed McVinish to third Runner from 3rd tries for Home, SAFE, throw made at trailing runner, OUT at third!
|
Bottom of the 1st over - 4 runs, 2 hits, 0 errors, 0 left on base; Vanderbilt 0 - Auburn 4 |
TOP OF THE 2ND |
Vanderbilt Commodores batting - Pitching for Auburn Tigers : LHP Román Louzao
|
Batting: LHB Bill Johnson
|
0-0: Called Strike 0-1: Ball 1-1: Foul Ball, location: 2F 1-2: Ball 2-2: Strikes out swinging
|
Batting: LHB Lee Cook
|
0-0: Called Strike 0-1: DOUBLE (Flyball, 8LXD)
|
Batting: RHB Roland Murphy
|
0-0: Called Strike 0-1: Ball 1-1: Ball 2-1: Ball 3-1: Foul Ball, location: 2F 3-2: Base on Balls
|
Batting: LHB Roberto García
|
0-0: Ball 1-0: Ball 2-0: Ball 3-0: Base on Balls Lee Cook to third Roland Murphy to second
|
Batting: RHB Eugene Logan
|
0-0: Called Strike 0-1: Grounds into double play, 5-4-3 (Groundball, 56)
|
Top of the 2nd over - 0 runs, 1 hit, 0 errors, 2 left on base; Vanderbilt 0 - Auburn 4 |
BOTTOM OF THE 2ND |
Auburn Tigers batting - Pitching for Vanderbilt Commodores : LHP Bob Novak
|
Batting: SHB Wayne Tressler
|
0-0: Called Strike 0-1: Foul Ball, location: 2F 0-2: Strikes out swinging
|
Batting: LHB Julián Icaza
|
0-0: Foul Ball, location: 2F 0-1: Foul Ball, location: 2F 0-2: Foul Ball, location: 2F 0-2: Foul Ball, location: 2F 0-2: Foul Ball, location: 2F 0-2: Ball 1-2: Foul Ball, location: 2F 1-2: Ball 2-2: Strikes out looking
|
Batting: RHB Lou Perry
|
0-0: Ball 1-0: Ball 2-0: SINGLE (Line Drive, 34D)
|
Batting: LHB Armando Vázquez
|
0-0: Called Strike 0-1: SINGLE (Line Drive, 9S) Lou Perry to second
|
Batting: RHB Vincente Martínez
|
0-0: Called Strike 0-1: Foul Ball, location: 2F 0-2: Foul Ball, location: 2F 0-2: Ball 1-2: Fly out, F7 (Flyball, 7D)
|
Bottom of the 2nd over - 0 runs, 2 hits, 0 errors, 2 left on base; Vanderbilt 0 - Auburn 4 |
TOP OF THE 3RD |
Vanderbilt Commodores batting - Pitching for Auburn Tigers : LHP Román Louzao
|
Batting: SHB Jeremy Finley
|
0-0: Ball 1-0: Hit by Pitch
|
Batting: RHB Alvin Pérez
|
0-0: SINGLE (Line Drive, 9S) Jeremy Finley to second
|
Batting: RHB Johnny Becker
|
0-0: Ground out 5-3 (Groundball, 56S) Jeremy Finley to third Alvin Pérez to second
|
Batting: RHB Greg Scott
|
0-0: Ball 1-0: Ball 2-0: Ground out 1-3 (Groundball, 13S)
|
Batting: LHB Bill Johnson
|
0-0: Called Strike 0-1: Ball 1-1: Called Strike 1-2: Fly out, F8 (Line Drive, 78M)
|
Top of the 3rd over - 0 runs, 1 hit, 0 errors, 2 left on base; Vanderbilt 0 - Auburn 4 |
BOTTOM OF THE 3RD |
Auburn Tigers batting - Pitching for Vanderbilt Commodores : LHP Bob Novak
|
Batting: RHB Mike Brown
|
0-0: Foul Ball, location: 2F 0-1: Ball 1-1: Ball 2-1: Ball 3-1: Base on Balls
|
Batting: LHB José Mendoza
|
0-0: Ball 1-0: Called Strike 1-1: Fly out, F8 (Flyball, 8LD)
|
Batting: RHB Ed McVinish
|
0-0: Called Strike 0-1: Ball 1-1: Ball 2-1: SINGLE (Groundball, 6D) Mike Brown to second
|
Batting: LHB Ed Sorensen
|
0-0: SINGLE (Groundball, 56D) Mike Brown to third Ed McVinish to second
|
Batting: SHB Wayne Tressler
|
0-0: Ball 1-0: Called Strike 1-1: Ball 2-1: Fly out, F9 (Flyball, 9S) Runner from 3rd tags up, SCORES, no throw
|
Batting: LHB Julián Icaza
|
0-0: Ball 1-0: Ball 2-0: SINGLE (Groundball, 4MD) Ed McVinish to third Ed Sorensen to second Runner from 3rd tries for Home, SAFE, no throw
|
Batting: RHB Lou Perry
|
0-0: Ball 1-0: Swinging Strike 1-1: Ball 2-1: Called Strike 2-2: Ball 3-2: Base on Balls Ed Sorensen to third Julián Icaza to second
|
Pitching: LHP Greg Kennedy
|
|
Batting: LHB Armando Vázquez
|
0-0: Ball 1-0: Fly out, F6 (Line Drive, 6)
|
Bottom of the 3rd over - 2 runs, 3 hits, 0 errors, 3 left on base; Vanderbilt 0 - Auburn 6 |
TOP OF THE 4TH |
Vanderbilt Commodores batting - Pitching for Auburn Tigers : LHP Román Louzao
|
Batting: LHB Lee Cook
|
0-0: Called Strike 0-1: Foul Ball, location: 2F 0-2: Ground out U3 (Groundball, 3L)
|
Batting: RHB Roland Murphy
|
0-0: Ball 1-0: SOLO HOME RUN (Flyball, 7LD), Distance : 323 ft
|
Batting: LHB Roberto García
|
0-0: Ball 1-0: Called Strike 1-1: Ball 2-1: Foul Ball, location: 2F 2-2: Ball 3-2: SINGLE (Line Drive, 8LS)
|
Batting: RHB Eugene Logan
|
0-0: Ball 1-0: Called Strike 1-1: Ball 2-1: SINGLE (Line Drive, 9S) Roberto García to second Runner from 2nd tries for 3rd, SAFE, no throw
|
Batting: SHB Jeremy Finley
|
0-0: Called Strike 0-1: Fly out, F9 (Flyball, 89M) Runner from 3rd tags up, SCORES, no throw
|
Batting: RHB Alvin Pérez
|
0-0: Ball 1-0: Ball 2-0: Called Strike 2-1: Foul Ball, location: 2F 2-2: Fly out, F9 (Flyball, 9LD)
|
Top of the 4th over - 2 runs, 3 hits, 0 errors, 1 left on base; Vanderbilt 2 - Auburn 6 |
BOTTOM OF THE 4TH |
Auburn Tigers batting - Pitching for Vanderbilt Commodores : LHP Greg Kennedy
|
Batting: RHB Vincente Martínez
|
0-0: Ball 1-0: Ball 2-0: Called Strike 2-1: Swinging Strike 2-2: Foul Ball, location: 2F 2-2: Ball 3-2: Ground out 6-3 (Groundball, 6)
|
Batting: RHB Mike Brown
|
0-0: SINGLE (Line Drive, 9S)
|
Batting: LHB José Mendoza
|
0-0: Called Strike 0-1: Foul Ball, location: 2F 0-2: SINGLE (Flyball, 78S) Mike Brown to second
|
Batting: RHB Ed McVinish
|
0-0: Called Strike 0-1: SINGLE (Groundball, 56D) Mike Brown to third José Mendoza to second Runner from 3rd tries for Home, SAFE, no throw
|
Batting: LHB Ed Sorensen
|
0-0: Ball 1-0: Foul Ball, location: 2F 1-1: 3-RUN HOME RUN (Flyball, 9LD), Distance : 327 ft
|
Batting: SHB Wayne Tressler
|
0-0: Ball 1-0: Swinging Strike 1-1: Foul Ball, location: 2F 1-2: Ground out U3 (Groundball, 34S)
|
Batting: LHB Julián Icaza
|
0-0: Ball 1-0: Foul Ball, location: 2F 1-1: Ball 2-1: Swinging Strike 2-2: Ground out 5-3 (Groundball, 56)
|
Bottom of the 4th over - 4 runs, 4 hits, 0 errors, 0 left on base; Vanderbilt 2 - Auburn 10 |
TOP OF THE 5TH |
Vanderbilt Commodores batting - Pitching for Auburn Tigers : LHP Román Louzao
|
Batting: RHB Johnny Becker
|
0-0: Called Strike 0-1: Foul Ball, location: 2F 0-2: Ball 1-2: Ball 2-2: Foul Ball, location: 2F 2-2: Ball 3-2: Base on Balls
|
Batting: RHB Greg Scott
|
0-0: Called Strike 0-1: Ball 1-1: Ball 2-1: SINGLE (Line Drive, 9LS) Johnny Becker to second
|
Batting: LHB Bill Johnson
|
0-0: Called Strike 0-1: Ball 1-1: Foul Ball, location: 2F 1-2: Foul Ball, location: 2F 1-2: Foul Ball, location: 2F 1-2: SINGLE (Groundball, 56D) Johnny Becker to third Greg Scott to second Runner from 3rd tries for Home, SAFE, throw made home
|
Batting: LHB Lee Cook
|
0-0: DOUBLE (Line Drive, 89D) Greg Scott scores Bill Johnson to third
|
Batting: RHB Roland Murphy
|
0-0: Called Strike 0-1: Ball 1-1: Ball 2-1: Foul Ball, location: 2F 2-2: Ball 3-2: Ground out 5-3 (Groundball, 56S) Bill Johnson scores Lee Cook to third
|
Pitching: LHP Rafael Robles
|
|
Batting: LHB Roberto García
|
0-0: Ball Wild Pitch! Lee Cook scores 1-0: Ball 2-0: Called Strike 2-1: Foul Ball, location: 2F 2-2: Ball 3-2: Base on Balls
|
Batting: RHB Eugene Logan
|
0-0: DOUBLE (Flyball, 8LD) Roberto García to third Runner from 3rd tries for Home, SAFE, no throw
|
Batting: SHB Jeremy Finley
|
0-0: DOUBLE (Flyball, 78D) Eugene Logan scores
|
Batting: RHB Alvin Pérez
|
0-0: Called Strike 0-1: Ball 1-1: Foul Ball, location: 2F 1-2: Strikes out swinging
|
Batting: RHB Johnny Becker
|
0-0: Called Strike 0-1: Swinging Strike 0-2: Ball 1-2: Ball 2-2: Foul Ball, location: 2F 2-2: SINGLE (Groundball, 56D) Jeremy Finley to third Runner from 3rd tries for Home, SAFE, no throw
|
Batting: RHB Greg Scott
|
0-0: Called Strike Johnny Becker is caught stealing 2nd base
|
Top of the 5th over - 7 runs, 6 hits, 0 errors, 0 left on base; Vanderbilt 9 - Auburn 10 |
BOTTOM OF THE 5TH |
Auburn Tigers batting - Pitching for Vanderbilt Commodores : LHP Greg Kennedy
|
Pitching: RHP Emílio Chavarría
|
|
Batting: RHB Lou Perry
|
0-0: Ball 1-0: Ball 2-0: Foul Ball, location: 2F 2-1: Swinging Strike 2-2: Ball 3-2: Base on Balls
|
Batting: LHB Armando Vázquez
|
0-0: Ball 1-0: 2-RUN HOME RUN (Flyball, 78XD), Distance : 387 ft
|
Batting: RHB Vincente Martínez
|
0-0: SINGLE (Groundball, 6MD)
|
Batting: RHB Mike Brown
|
0-0: Called Strike 0-1: Swinging Strike 0-2: Ball 1-2: Fly out, F8 (Flyball, 8RM)
|
Batting: LHB José Mendoza
|
0-0: Called Strike 0-1: Foul Ball, location: 2F 0-2: Ball 1-2: Strikes out swinging
|
Batting: RHB Ed McVinish
|
0-0: Ball 1-0: DOUBLE (Line Drive, 7LS) Vincente Martínez to third Runner from 3rd tries for Home, SAFE, no throw
|
Batting: LHB Ed Sorensen
|
0-0: SINGLE (Line Drive, 6D) Ed McVinish to third Runner from 3rd tries for Home, SAFE, no throw
|
Pitching: RHP Jon Briggs
|
|
Batting: SHB Wayne Tressler
|
0-0: Called Strike 0-1: Fly out, F7 (Flyball, 78M)
|
Bottom of the 5th over - 4 runs, 4 hits, 0 errors, 1 left on base; Vanderbilt 9 - Auburn 14 |
TOP OF THE 6TH |
Vanderbilt Commodores batting - Pitching for Auburn Tigers : LHP Rafael Robles
|
Batting: RHB Greg Scott
|
0-0: Called Strike 0-1: Swinging Strike 0-2: Strikes out swinging
|
Batting: LHB Bill Johnson
|
0-0: Ball 1-0: Ball 2-0: DOUBLE (Groundball, 5L)
|
Batting: LHB Lee Cook
|
0-0: Called Strike 0-1: Ball 1-1: Foul Ball, location: 2F 1-2: Strikes out looking
|
Batting: RHB Roland Murphy
|
0-0: Ball 1-0: DOUBLE (Flyball, 8RD) Bill Johnson scores
|
Pitching: RHP Chris Wright
|
|
Batting: LHB Roberto García
|
Error on foul ball, E7 0-1: Ball 1-1: Ball 2-1: Called Strike 2-2: Ball 3-2: Base on Balls
|
Batting: RHB Eugene Logan
|
0-0: SINGLE (Line Drive, 7LS) Roland Murphy to third Roberto García to second Runner from 3rd tries for Home, SAFE, no throw
|
Batting: SHB Jeremy Finley
|
0-0: Called Strike 0-1: Ball 1-1: SINGLE (Flyball, 8LS) Roberto García to third Eugene Logan to second Runner from 3rd tries for Home, SAFE, no throw
|
Batting: RHB Alvin Pérez
|
0-0: Called Strike 0-1: Ball 1-1: Swinging Strike 1-2: Ball 2-2: DOUBLE (Groundball, 5L) Eugene Logan scores Jeremy Finley to third Runner from 3rd tries for Home, throw and OUT!
|
Top of the 6th over - 4 runs, 5 hits, 1 error, 1 left on base; Vanderbilt 13 - Auburn 14 |
BOTTOM OF THE 6TH |
Auburn Tigers batting - Pitching for Vanderbilt Commodores : RHP Jon Briggs
|
Batting: LHB Julián Icaza
|
0-0: Ground out 4-3 (Groundball, 4)
|
Batting: RHB Lou Perry
|
0-0: Foul Ball, location: 2F 0-1: Ground out 6-3 (Groundball, 6)
|
Batting: LHB Armando Vázquez
|
0-0: Ball 1-0: Called Strike 1-1: Ball 2-1: Ground out 5-3 (Groundball, 56S)
|
Bottom of the 6th over - 0 runs, 0 hits, 0 errors, 0 left on base; Vanderbilt 13 - Auburn 14 |
TOP OF THE 7TH |
Vanderbilt Commodores batting - Pitching for Auburn Tigers : RHP Chris Wright
|
Batting: RHB Johnny Becker
|
0-0: Ground out 1-3 (Groundball, 15S)
|
Batting: RHB Greg Scott
|
0-0: Ball 1-0: DOUBLE (Line Drive, 9LD)
|
Pinch Hitting: LHB George Hobbs
|
0-0: Ball 1-0: Called Strike 1-1: Ball 2-1: Ball 3-1: Ground out 6-3 (Groundball, 6MS) Greg Scott to third
|
Batting: LHB Lee Cook
|
0-0: Ball 1-0: Ball 2-0: Ball 3-0: Called Strike 3-1: Base on Balls
|
Batting: RHB Roland Murphy
|
0-0: Ball 1-0: Ball 2-0: Fly out, F8 (Flyball, 8LXD)
|
Top of the 7th over - 0 runs, 1 hit, 0 errors, 2 left on base; Vanderbilt 13 - Auburn 14 |
BOTTOM OF THE 7TH |
Auburn Tigers batting - Pitching for Vanderbilt Commodores : RHP Jon Briggs
|
Now in LF: George Hobbs
|
|
Batting: RHB Vincente Martínez
|
0-0: Ball 1-0: Ball 2-0: Ball 3-0: Base on Balls
|
Batting: RHB Mike Brown
|
0-0: Called Strike 0-1: Foul Ball, location: 2F 0-2: Ball 1-2: Ball 2-2: Strikes out swinging
|
Batting: LHB José Mendoza
|
0-0: Foul Ball, location: 2F 0-1: Ball 1-1: Fly out, F7 (Flyball, 7S)
|
Pinch Hitting: LHB Emmett Logan
|
0-0: Called Strike 0-1: Ball 1-1: SINGLE (Line Drive, 56D) Vincente Martínez to second
|
Batting: LHB Ed Sorensen
|
0-0: Ball 1-0: Called Strike 1-1: Ball 2-1: Ball 3-1: Base on Balls Vincente Martínez to third Emmett Logan to second
|
Batting: SHB Wayne Tressler
|
0-0: Ball 1-0: Called Strike 1-1: Ball 2-1: Ball 3-1: Base on Balls Vincente Martínez scores Emmett Logan to third Ed Sorensen to second
|
Pinch Hitting: LHB Chester Flores
|
0-0: Called Strike 0-1: Foul Ball, location: 2F 0-2: Foul Ball, location: 2F 0-2: DOUBLE (Line Drive, 78D) Emmett Logan scores Ed Sorensen scores Wayne Tressler to third Runner from 3rd tries for Home, SAFE, no throw
|
Pitching: RHP António Cordero
|
|
Batting: RHB Lou Perry
|
0-0: Called Strike 0-1: Ball 1-1: Fly out, F7 (Flyball, 78S)
|
Bottom of the 7th over - 4 runs, 2 hits, 0 errors, 1 left on base; Vanderbilt 13 - Auburn 18 |
TOP OF THE 8TH |
Vanderbilt Commodores batting - Pitching for Auburn Tigers : RHP Chris Wright
|
Now in CF: Terry Cochrane
|
|
Now in RF: Jeremiah Harrison
|
|
Batting: LHB Roberto García
|
0-0: Called Strike 0-1: Ball 1-1: SOLO HOME RUN (Line Drive, 9LD), Distance : 323 ft
|
Pitching: RHP Carl Woodward
|
|
Batting: RHB Eugene Logan
|
0-0: Foul Ball, location: 2F 0-1: Swinging Strike 0-2: Ball 1-2: Strikes out looking
|
Batting: SHB Jeremy Finley
|
0-0: Ground out 6-3 (Groundball, 56D)
|
Batting: RHB Alvin Pérez
|
0-0: Ball 1-0: Ball 2-0: Foul Ball, location: 2F 2-1: Ball 3-1: Base on Balls
|
Batting: RHB Johnny Becker
|
0-0: Ball 1-0: Fielders Choice at 2nd, 6-4 (Groundball, 6)
|
Top of the 8th over - 1 run, 1 hit, 0 errors, 1 left on base; Vanderbilt 14 - Auburn 18 |
BOTTOM OF THE 8TH |
Auburn Tigers batting - Pitching for Vanderbilt Commodores : RHP António Cordero
|
Batting: LHB Armando Vázquez
|
0-0: Ball 1-0: Ball 2-0: Called Strike 2-1: SINGLE (Line Drive, 34D)
|
Batting: RHB Vincente Martínez
|
0-0: SINGLE (Line Drive, 8LS) Armando Vázquez to second Armando Vázquez to third
|
Batting: RHB Mike Brown
|
0-0: Called Strike 0-1: Foul Ball, location: 2F 0-2: Ball 1-2: Ball 2-2: Ball 3-2: Base on Balls Vincente Martínez to second
|
Batting: LHB José Mendoza
|
0-0: Called Strike 0-1: Foul Ball, location: 2F 0-2: Ball 1-2: Ball 2-2: Strikes out looking
|
Batting: RHB Terry Cochrane
|
0-0: Ball 1-0: Ball 2-0: Grounds into double play, 5-2-3 (Groundball, 56S)
|
Bottom of the 8th over - 0 runs, 2 hits, 0 errors, 2 left on base; Vanderbilt 14 - Auburn 18 |
TOP OF THE 9TH |
Vanderbilt Commodores batting - Pitching for Auburn Tigers : RHP Carl Woodward
|
Pitching: RHP Michael Milicent
|
|
Batting: RHB Greg Scott
|
0-0: Ball 1-0: Foul Ball, location: 2F 1-1: Ball 2-1: Ball 3-1: Foul Ball, location: 2F 3-2: Base on Balls
|
Batting: LHB George Hobbs
|
0-0: Ball 1-0: Foul Ball, location: 2F 1-1: Fielders Choice at 2nd, 4-6 (Groundball, 4)
|
Batting: LHB Lee Cook
|
0-0: Ball 1-0: Ball 2-0: Ball 3-0: Called Strike 3-1: Foul Ball, location: 2F 3-2: Foul Ball, location: 2F 3-2: Base on Balls George Hobbs to second
|
Batting: RHB Roland Murphy
|
0-0: Called Strike 0-1: Ball 1-1: Hit by Pitch George Hobbs to third Lee Cook to second
|
Batting: LHB Roberto García
|
0-0: SINGLE (Groundball, 4MD) George Hobbs scores Lee Cook to third Roland Murphy to second
|
Batting: RHB Eugene Logan
|
0-0: Swinging Strike 0-1: Called Strike 0-2: Ball 1-2: Foul Ball, location: 2F 1-2: SINGLE (Groundball, 56D) Lee Cook scores Roland Murphy to third Roberto García to second
|
Pinch Hitting: SHB Dave Rosales
|
0-0: Ball 1-0: Swinging Strike 1-1: Swinging Strike 1-2: Strikes out looking
|
Batting: RHB Alvin Pérez
|
0-0: Ball 1-0: Ball 2-0: Foul Ball, location: 2F 2-1: Ball 3-1: Base on Balls Roland Murphy scores Roberto García to third Eugene Logan to second
|
Batting: RHB Johnny Becker
|
0-0: Hit by Pitch Roberto García scores Eugene Logan to third Alvin Pérez to second
|
Pitching: RHP Manny González
|
|
Batting: RHB Greg Scott
|
0-0: Called Strike 0-1: Swinging Strike 0-2: Ball 1-2: Strikes out swinging
|
Top of the 9th over - 4 runs, 2 hits, 0 errors, 3 left on base; Vanderbilt 18 - Auburn 18 |
BOTTOM OF THE 9TH |
Auburn Tigers batting - Pitching for Vanderbilt Commodores : RHP António Cordero
|
Pitching: RHP Tim Baker
|
|
Now at 2B: Dave Rosales
|
|
Batting: LHB Ed Sorensen
|
0-0: Ball 1-0: Ball 2-0: Ball 3-0: Base on Balls
|
Batting: SHB Wayne Tressler
|
0-0: Ball 1-0: Foul Ball, location: 2F 1-1: Sac Bunt - play at first, batter OUT! 1-4 Ed Sorensen to second
|
Batting: LHB Jeremiah Harrison
|
0-0: Called Strike 0-1: Ball 1-1: Foul Ball, location: 2F 1-2: Strikes out swinging
|
Batting: RHB Lou Perry
|
0-0: Ball 1-0: Foul Ball, location: 2F 1-1: Ball 2-1: Ball 3-1: Foul Ball, location: 2F 3-2: Base on Balls
|
Pinch Runner at 2nd John MacGregor:
|
|
Batting: LHB Armando Vázquez
|
0-0: Ball 1-0: Called Strike 1-1: Foul Ball, location: 2F 1-2: Strikes out looking
|
Bottom of the 9th over - 0 runs, 0 hits, 0 errors, 2 left on base; Vanderbilt 18 - Auburn 18 |
TOP OF THE 10TH |
Vanderbilt Commodores batting - Pitching for Auburn Tigers : RHP Manny González
|
Now at 1B: John MacGregor
|
|
Batting: LHB George Hobbs
|
0-0: Ball 1-0: SOLO HOME RUN (Flyball, 9LD), Distance : 325 ft
|
Batting: LHB Lee Cook
|
0-0: Foul Ball, location: 2F 0-1: Ball 1-1: Ball 2-1: Foul Ball, location: 2F 2-2: Foul Ball, location: 2F 2-2: Foul Ball, location: 2F 2-2: Ball 3-2: Ground out 4-3 (Groundball, 4)
|
Batting: RHB Roland Murphy
|
0-0: Called Strike 0-1: Ground out 3-1 (Groundball, 34)
|
Batting: LHB Roberto García
|
0-0: Ball 1-0: Ball 2-0: Ball 3-0: Called Strike 3-1: Swinging Strike 3-2: Fly out, F8 (Flyball, 8LD)
|
Top of the 10th over - 1 run, 1 hit, 0 errors, 0 left on base; Vanderbilt 19 - Auburn 18 |
BOTTOM OF THE 10TH |
Auburn Tigers batting - Pitching for Vanderbilt Commodores : RHP Tim Baker
|
Batting: RHB Vincente Martínez
|
0-0: Called Strike 0-1: Fly out, F7 (Flyball, 78D)
|
Batting: RHB Mike Brown
|
0-0: Ball 1-0: Foul Ball, location: 2F 1-1: Ball 2-1: Ball 3-1: Fly out, F3 (Popup, 3S)
|
Batting: LHB José Mendoza
|
0-0: Ball 1-0: Ball 2-0: Fly out, F7 (Flyball, 78M)
|
Bottom of the 10th over - 0 runs, 0 hits, 0 errors, 0 left on base; Vanderbilt 19 - Auburn 18 |
|